 Dungeon Crawl Stone Soup version 0.28.0-43-g3370ac3207 (webtiles) character file.

Game seed: 11264297190553062069

1408 croobank the Stinger (level 8, -3/57 HPs)
             Began as a Yellow Draconian Venom Mage on Mar 3, 2022.
             Was a Follower of Vehumet.
             Slain by a yak (10 damage)
             ... on level 7 of the Dungeon.
             The game lasted 00:27:38 (8048 turns).

croobank the Stinger (Yellow Draconian Venom Mage)  Turns: 8048, Time: 00:27:38

Health: -3/57      AC: 12    Str: 11    XL:     8   Next: 42%
Magic:  12/14      EV: 13    Int: 23    God:    Vehumet [*.....]
Gold:   248        SH:  0    Dex: 12    Spells: 3/15 levels left

rFire   . . .      SeeInvis .   v - +0 dire flail
rCold   . . .      Faith    .   (shield currently unavailable)
rNeg    . . .      Spirit   .   (armour unavailable)
rPois   .          Reflect  .   (helmet restricted)
rElec   .          Harm     .   (no cloak)
rCorr   +          Rampage  .   t - +1 Delatra's gloves {ID++}
Will    .....                   (no boots)
Stlth   +++.......              (no amulet)
HPRegen 0.19/turn               f - +6 ring of intelligence
MPRegen 0.14/turn               q - +4 ring of protection

@: no status effects
A: spit acid, AC +6, unfitting armour, cold-blooded, acid resistance
a: Breathe Acid, Renounce Religion


You were on level 7 of the Dungeon.
You worshipped Vehumet.
Vehumet was aware of your devotion.
You visited 1 branch of the dungeon, and saw 7 of its levels.

You collected 248 gold pieces.

Inventory:

Hand Weapons
 a - a +0 dagger of speed
 b - a +0 hunting sling
 k - a +0 falchion
 u - a +0 whip
 v - a +0 dire flail (weapon)
 y - a +0 morningstar
 C - a +0 war axe
Missiles
 c - 4 boomerangs
 d - 51 bolts
 i - 198 stones
 l - 59 sling bullets
 o - 15 poisoned darts
 p - 32 arrows
 w - a throwing net
Armour
 t - the +1 Delatra's gloves (worn) {ID++}
   (You found it on level 3 of the Dungeon)

   It heals its wearer when they drink unknown potions.
   It restores its wearer's MP when they read unknown scrolls.
Jewellery
 f - a +6 ring of intelligence (left hand)
 q - a +4 ring of protection (right hand)
 r - an amulet of faith
Scrolls
 e - 9 scrolls of teleportation
 n - 3 scrolls of blinking
 z - 2 scrolls of identify
 D - a scroll of enchant armour
Potions
 h - a potion of brilliance
 m - a potion of degeneration
 s - a potion of ambrosia
 x - 2 potions of curing
 A - 2 potions of heal wounds {unknown}
 B - a potion of attraction {unknown}


   Skills:
 + Level 2.6 Maces & Flails
 + Level 4.4 Dodging
 + Level 4.7 Stealth
 + Level 4.4 Spellcasting
 + Level 4.4 Transmutations
 + Level 5.3 Poison Magic


You had 3 spell levels left.
You knew the following spells:

 Your Spells              Type           Power      Damage    Failure   Level
a - Sting                 Tmut/Pois      100%       1d8       1%          1
b - Poisonous Vapours     Pois/Air       34%        N/A       4%          2
c - Mephitic Cloud        Conj/Pois/Air  13%        N/A       14%         3
d - Olgreb's Toxic Radia  Pois           29%        N/A       11%         4
e - Slow                  Hex            20%        N/A       10%         1
f - Freeze                Ice            20%        1d4       10%         1

Your spell library contained the following spells:

 Spells                   Type           Power      Damage    Failure   Level
 Summon Small Mammal      Summ           20%        N/A       10%         1
 Sublimation of Blood     Necr           5%         N/A       16%         2
 Call Canine Familiar     Summ           5%         N/A       30%         3
 Confusing Touch          Hex            5%         N/A       30%         3
 Portal Projectile        Hex/Tloc       10%        N/A       30%         3
 Summon Guardian Golem    Hex/Summ       5%         N/A       30%         3
 Vampiric Draining        Necr           5%         2d6       30%         3
 Petrify                  Tmut/Erth      15%        N/A       38%         4
 Leda's Liquefaction      Hex/Erth       2%         N/A       69%         4
 Irradiate                Conj/Tmut      7%         3d15      75%         5


Dungeon Overview and Level Annotations

Branches:
Dungeon (7/15)             Temple (0/1) D:6

Altars:
Kikubaaqudgha
Sif Muna
Vehumet

Shops:
D:3 (   D:5 (


Innate Abilities, Weirdness & Mutations

You can spit globs of acid.
Your golden yellow scales are hard. (AC +6)
You cannot fit into any form of body armour.
You are cold-blooded and may be slowed by cold attacks.
You are resistant to acid. (rCorr)


Message History

Okay, then.
Okay, then.
You hit the yak.
The yak is moderately wounded.
The yak gores you but does no damage.
You hit the yak. You tail-slap the yak.
The yak is heavily wounded.
The yak gores you but does no damage. x2
A wight comes into view. It is wielding a +0 short sword.
You hit the yak.
The yak is severely wounded.
The yak gores you. The yak closely misses you. The yak misses you. x2
The yak gores you but does no damage.
You closely miss the yak.
You tail-slap the yak, but do no damage.
The yak is almost dead.
An iguana comes into view.
The yak closely misses you. The yak gores you but does no damage.
The yak gores you! x2; The yak gores you but does no damage.
The iguana hisses angrily.
You thump the yak!
You kill the yak!
Vehumet accepts your kill.
You feel your power returning. The yak misses you.
The yak barely misses you. x3
You hit the yak.
The yak is moderately wounded.
The yak gores you but does no damage. The yak gores you!
The yak gores you but does no damage.
A wight comes into view. It is wielding a +0 dagger.
The yak misses you.
The iguana hisses menacingly.
The yak gores you!
* * * LOW HITPOINT WARNING * * *
The yak gores you!
* * * LOW HITPOINT WARNING * * *
The yak closely misses you. x2
You hit the yak.
The yak is heavily wounded.
The yak misses you. The yak gores you!
You die...

#. #( #. #.
#.#######
#..<....###
#..........
...##........##
#.."..Y@.....#
#..#..YYY....#
#........(z..##
....!.....l....#
.............#.#
.............# .
........###.z#
....... #..


You could see 4 yaks, an iguana and 2 wights.

Vanquished Creatures
  A yak (D:7)
  Menkaure (D:4)
  A black bear (D:6)
  2 sky beasts
  An ogre (D:4)
  A centaur (D:5)
  A phantom (D:5)
  2 scorpions (D:6)
  A water moccasin zombie (D:6)
  A wyvern skeleton (D:6)
  A centaur zombie (D:6)
  2 jellies (D:6)
  A bullfrog skeleton (D:4)
  3 iguanas (D:5)
  An orc wizard (D:6)
  A hound zombie (D:5)
  7 adders
  2 white imps (D:6)
  An ufetubus (D:6)
  An adder skeleton (D:4)
  A worm (D:3)
  3 dart slugs (D:3)
  5 orcs
  6 bats
  6 endoplasms
  4 giant cockroaches
  6 goblins
  8 hobgoblins
  2 jackals (D:1)
  2 quokkas
  12 ball pythons
  5 frilled lizards
  4 kobolds
  4 rats
100 creatures vanquished.

Vanquished Creatures (others)
  A human (D:5)
1 creature vanquished.

Grand Total: 101 creatures vanquished

Notes
Turn   | Place    | Note
-------+----------+-------------------------------------------
     0 | D:1      | croobank the Draconian Venom Mage began the quest for the
                  | Orb.
     0 | D:1      | Reached XP level 1. HP: 14/14 MP: 3/3
   209 | D:1      | Reached XP level 2. HP: 20/20 MP: 3/5
   213 | D:1      | Learned a level 2 spell: Poisonous Vapours
   561 | D:1      | Found a faded altar of an unknown god.
  1107 | D:2      | Reached XP level 3. HP: 6/26 MP: 0/6
  2521 | D:3      | Found Fovuvoag's Weapon Boutique.
  2598 | D:3      | Reached XP level 4. HP: 33/33 MP: 1/7
  2664 | D:3      | Found a radiant altar of Vehumet.
  2714 | D:3      | Became a worshipper of Vehumet
  2744 | D:3      | Learned a level 3 spell: Mephitic Cloud
  3592 | D:3      | Found the +1 Delatra's gloves {ID++}
  4182 | D:4      | Noticed an ogre
  4196 | D:4      | Killed an ogre
  4197 | D:4      | Reached XP level 5. HP: 32/38 MP: 1/9
  4304 | D:4      | Noticed Menkaure
  4332 | D:4      | Killed Menkaure
  4333 | D:4      | Reached skill level 4 in Poison Magic
  4333 | D:4      | Reached XP level 6. HP: 11/45 MP: 1/10
  5647 | D:5      | Entered Level 5 of the Dungeon
  5647 | D:5      | Noticed a sky beast
  5658 | D:5      | Killed a sky beast
  5824 | D:5      | Learned a level 4 spell: Olgreb's Toxic Radiance
  5929 | D:5      | Found an ancient bone altar of Kikubaaqudgha.
  5931 | D:5      | Noticed a human
  5932 | D:5      | Killed a human
  5998 | D:5      | Found Ympo's Weapon Boutique.
  6159 | D:5      | Your scales start taking on a golden yellow colour.
  6159 | D:5      | Reached XP level 7. HP: 50/50 MP: 4/12
  6159 | D:5      | Gained mutation: You are resistant to acid. (rCorr) [Yellow
                  | Draconian growth]
  6224 | D:5      | Found a shimmering blue altar of Sif Muna.
  6503 | D:5      | Reached skill level 1 in Maces & Flails
  6933 | D:6      | Found a staircase to the Ecumenical Temple.
  6955 | D:6      | Learned a level 1 spell: Slow
  6994 | D:6      | Reached * piety under Vehumet
  6994 | D:6      | Offered knowledge of Freeze by Vehumet.
  6998 | D:6      | Learned a level 1 spell: Freeze
  7450 | D:6      | Reached XP level 8. HP: 35/57 MP: 11/14
  7607 | D:6      | Reached skill level 5 in Poison Magic
  8048 | D:7      | Slain by a yak

Illustrated notes

Levels and vault maps discovered:
D:1:      wheals_arrival_shading, layout_rooms, shapermc_ecumenical_altar_gd,
          minmay_misc_feat_iff
D:2:      layout_basic
D:3:      layout_basic, mainiacjoe_overflow_brackets, serial_shops,
          nicolae_shop_bloodbath_and_beyond, minivault_14,
          nicolae_concentric_dashed_squares_wild
D:4:      layout_basic, minivault_5, uniq_menkaure
D:5:      layout_loops_ring, mainiacjoe_overflow_chevrons, tgw_kikubaaqudgha,
          serial_shops, nicolae_shop_stone, dk_vineyard_2, glass_columns_b,
          minmay_misc_feat_alley
D:6:      layout_basic, temple_doors_e, minmay_stone_trees_small
D:7:      layout_rooms, minivault_24, uniq_joseph, uniq_harold

Skill      XL: |  1  2  3  4  5  6  7  8 |
---------------+-------------------------+-----
Stealth        | 2 3 4 |  4.7
Dodging        | 2 3 4 |  4.4
Transmutations | 2 3 4 |  4.4
Spellcasting   | 3 4 |  4.4
Poison Magic   | 4 5 |  5.3
Maces & Flails | 2 |  2.6

Action                   |  1- 3 |  4- 6 |  7- 9 || total
-------------------------+-------+-------+-------++-------
Melee: Unarmed           |    20 |       |       ||    20
       Dagger            |    44 |    57 |       ||   101
       Tailslap          |     8 |    11 |    20 ||    39
       Falchion          |     1 |       |       ||     1
       Dire flail        |       |    57 |   102 ||   159
 Cast: Sting             |    42 |    24 |     6 ||    72
       Poisonous Vapours |    19 |    41 |     4 ||    64
       Slow              |       |       |     2 ||     2
       Olgreb's Toxic Ra |       |       |     2 ||     2
       Mephitic Cloud    |       |       |     1 ||     1
 Abil: Breathe Acid      |       |       |     6 ||     6
  Use: Scroll            |     5 |     3 |       ||     8
       Potion            |       |     4 |       ||     4
 Stab: Sleeping          |       |     2 |       ||     2
       Distracted        |       |     1 |       ||     1
Armor: Skin              |    30 |    49 |    61 ||   140
Dodge: Dodged            |    59 |    70 |   111 ||   240
